 Dungeon Crawl Stone Soup version 0.25.0-9-g26727b657a (webtiles) character file.

Game seed: 16708542425623322624

1283 mopl the Ruffian (level 8, 0/42 HPs)
             Began as a Vine Stalker Transmuter on June 16, 2020.
             Slain by a worker ant (1 damage)
             ... on level 6 of the Dungeon.
             The game lasted 00:15:10 (3352 turns).

mopl the Ruffian (Vine Stalker Transmuter)          Turns: 3352, Time: 00:15:10

Health: 0/42       AC:  2    Str: 16    XL:     8   Next: 55%
Magic:  0/16       EV: 19    Int: 13    God:
Gold:   195        SH:  0    Dex: 19    Spells: 1/16 levels left

rFire    . . .     SeeInvis .     - Unarmed
rCold    . . .     Gourm    .   (shield currently unavailable)
rNeg     . . .     Faith    .   (armour currently unavailable)
rPois    x         Spirit   +   (helmet currently unavailable)
rElec    .         Reflect  .   (cloak currently unavailable)
rCorr    .         Harm     .   (gloves currently unavailable)
MR       +....                  (boots currently unavailable)
Stlth    ++........             h - amulet of regeneration
HPRegen  0.94/turn              (no ring)
MPRegen  0.15/turn              (no ring)

@: spider-form (expiring)
A: tiny, regeneration 1, magic shield, no potion heal 3, rot immunity
a: End Transformation


You were on level 6 of the Dungeon.
You were near starving.
You were a venomous arachnid creature.
You visited 1 branch of the dungeon, and saw 6 of its levels.

You collected 195 gold pieces.

Inventory:

Missiles
 a - 61 arrows
 s - 6 boomerangs (quivered)
 A - 8 silver javelins
Armour
 f - a +0 cloak (melded)
 x - a +0 helmet (melded)
 y - a +2 robe (melded)
 D - a +0 kite shield
Jewellery
 h - an amulet of regeneration (around neck)
Wands
 z - a wand of iceblast (8)
Scrolls
 e - a scroll of blinking {unknown}
 j - 2 scrolls of immolation {unknown}
 n - 5 scrolls of remove curse {unknown}
 q - a scroll of fog {unknown}
 r - 2 scrolls of amnesia {unknown}
 t - 3 scrolls of fear {unknown}
 v - 2 scrolls of enchant weapon {unknown}
 B - a scroll of random uselessness {unknown}
Potions
 b - a potion of haste
 c - a potion of might
 k - 6 potions of curing {unknown}
 l - 5 potions of heal wounds {unknown}
 m - a potion of stabbing
 o - 2 potions of berserk rage {unknown}
 p - 2 potions of lignification {unknown}
 u - a potion of mutation
 w - 2 potions of brilliance
 C - 2 potions of flight
Comestibles
 d - 14 rations


   Skills:
 + Level 3.7 Fighting
 - Level 1.5 Dodging
 * Level 6.7 Unarmed Combat
 + Level 4.8 Spellcasting
 + Level 4.4 Transmutations
 - Level 3.0 Ice Magic
 - Level 1.0 Poison Magic


You had one spell level left.
You knew the following spells:

 Your Spells              Type           Power        Failure   Level  Hunger
a - Beastly Appendage     Tmut           ##....       11%         1    None
b - Spider Form           Tmut/Pois      ##........   38%         3    ###....
c - Blade Hands           Tmut           ##........   83%         5    ######.
d - Ice Form              Ice/Tmut       ##......     61%         4    ####...
w - Sticks to Snakes      Tmut           ##......     14%         2    ##.....

Your spell library contained the following spells:

 Spells                   Type           Power        Failure   Level  Hunger


Dungeon Overview and Level Annotations

Branches:
Dungeon (6/15)             Temple (0/1) D:6

Altars:
Gozag
Kikubaaqudgha
Ru
Trog
Uskayaw


Innate Abilities, Weirdness & Mutations

((You have razor-sharp teeth.))
Your natural rate of healing is unusually fast.
When hurt, damage is shared between your health and your magic reserves.
((Your bite disrupts and absorbs the magic of your enemies.))
Potions cannot restore your health.
You are immune to rotting.


Message History

The centaur completely misses you.
The centaur wields a +0 shortbow.
The centaur shoots an arrow.
The arrow closely misses you.
You kill the centaur!
The worker ant misses you.
The orc wizard gestures at you while chanting.
The magic dart hits you!
* * * LOW HITPOINT WARNING * * *
Your transformation is almost over.
The orc wizard hits you with a +0 dagger.
* * * LOW HITPOINT WARNING * * *
The orc completely misses you. The orc barely misses you.
There is a staircase to the Ecumenical Temple here.
Okay, then.
Okay, then.
The worker ant bites you.
* * * LOW HITPOINT WARNING * * *
The orc misses you. The worker ant bites you.
You die...

.... ..###
....##...#####.
...............
...#.#.#.#.#...
...............#
.....#.......#..#
.............(..#
.....#.hos...#...
......ooah......
#..#...o...#.#.
##....O......#
#.#.#.#.#.#.# #####
#.).........#
.....###()#########
.......#.##
........).###


You could see an orc warrior, an ogre, a worker ant, an orc wizard, 2 orcs and 2
jackals.

Vanquished Creatures
  Sigmund (D:4)
  Edmund (D:4)
  An ice beast (D:5)
  A phantom (D:5)
  A centaur (D:6)
  An ogre (D:6)
  A bullfrog (D:4)
  A scorpion (D:4)
  A crimson imp (D:5)
  2 hounds (D:4)
  2 iguanas (D:4)
  An orc wizard (D:3)
  Crazy Yiuf (D:3)
  4 worker ants (D:4)
  A hound skeleton (D:4)
  Robin (D:4)
  7 adders
  3 gnolls (D:4)
  2 howler monkey skeletons
  An ooze (D:3)
  4 dart slugs (D:1)
  3 leopard geckos
  15 orcs
  A ball python (D:4)
  6 giant cockroaches
  8 hobgoblins
  9 jackals
  5 quokkas
  8 bats
  3 frilled lizards
  11 goblins
  5 kobolds
  A quokka skeleton (D:4)
  A quokka zombie (D:5)
  7 rats
121 creatures vanquished.

Notes
Turn   | Place    | Note
-------+----------+-------------------------------------------
     0 | D:1      | mopl the Vine Stalker Transmuter began the quest for the
                  | Orb.
     0 | D:1      | Reached XP level 1. HP: 9/9 MP: 4/4
    52 | D:1      | Reached skill level 1 in Fighting
    60 | D:1      | Reached XP level 2. HP: 12/14 MP: 6/6
   118 | D:1      | Learned a level 2 spell: Sticks to Snakes
   798 | D:1      | Reached XP level 3. HP: 15/18 MP: 4/7
   803 | D:1      | Learned a level 3 spell: Spider Form
  1274 | D:2      | Gained mutation: Your natural rate of healing is unusually
                  | fast. [Vine Stalker growth]
  1274 | D:2      | Reached XP level 4. HP: 19/22 MP: 9/9
  1394 | D:2      | Found an opulent altar of Gozag.
  1394 | D:2      | Found a sacrificial altar of Ru.
  1396 | D:2      | Found a bloodstained altar of Trog.
  1484 | D:2      | Found a hide-covered altar of Uskayaw.
  1486 | D:2      | Found an ancient bone altar of Kikubaaqudgha.
  1742 | D:3      | Reached skill level 4 in Unarmed Combat
  1742 | D:3      | Reached skill level 1 in Poison Magic
  1833 | D:3      | Reached XP level 5. HP: 26/26 MP: 8/10
  2216 | D:3      | Found a runed translucent door.
  2217 | D:3      | Noticed Crazy Yiuf
  2226 | D:3      | Killed Crazy Yiuf
  2269 | D:3      | Learned a level 4 spell: Ice Form
  2324 | D:4      | Reached skill level 1 in Ice Magic
  2324 | D:4      | Reached XP level 6. HP: 16/30 MP: 4/11
  2405 | D:4      | Noticed Sigmund
  2409 | D:4      | Noticed Robin
  2418 | D:4      | Killed Sigmund
  2418 | D:4      | Reached skill level 5 in Unarmed Combat
  2418 | D:4      | Reached XP level 7. HP: 15/35 MP: 2/13
  2445 | D:4      | Killed Robin
  2654 | D:4      | Noticed Edmund
  2667 | D:4      | Killed Edmund
  2748 | D:4      | Gained mutation: You have razor-sharp teeth. [Vine Stalker
                  | growth]
  2748 | D:4      | Reached XP level 8. HP: 26/40 MP: 3/15
  2871 | D:5      | Entered Level 5 of the Dungeon
  2873 | D:5      | Reached skill level 6 in Unarmed Combat
  2880 | D:5      | Learned a level 5 spell: Blade Hands
  3326 | D:6      | Found a staircase to the Ecumenical Temple.
  3352 | D:6      | HP: 1/42 [worker ant (4)]
  3352 | D:6      | Slain by a worker ant

Illustrated notes

Levels and vault maps discovered:
D:1:      lightli_arrival_farm, layout_basic
D:2:      layout_loops_ring, nicolae_overflow_hidden_temple
D:3:      layout_loops_ring, first_ration, uniq_crazy_yiuf_cottage
D:4:      layout_cave_pools, minmay_joined_circles, uniq_robin, uniq_edmund,
          uniq_sigmund
D:5:      layout_basic
D:6:      layout_cave_pods, minmay_temple_entry_glass, serial_shops,
          nicolae_shop_window_shopping

Skill      XL: |  1  2  3  4  5  6  7  8 |
---------------+-------------------------+-----
Fighting       | 1 2 3 |  3.7
Unarmed Combat | 4 5 6 |  6.7
Poison Magic   | 1 |  1.0
Spellcasting   | 3 4 |  4.8
Transmutations | 3 4 |  4.4
Ice Magic      | 1 2 3 |  3.0
Dodging        | |  1.5

Action                   |  1- 3 |  4- 6 |  7- 9 || total
-------------------------+-------+-------+-------++-------
Melee: Unarmed           |   134 |   105 |   159 ||   398
       Bite              |    30 |    17 |    21 ||    68
       Punch             |     2 |     1 |     3 ||     6
       Headbutt          |       |     4 |       ||     4
       Kick              |       |       |     4 ||     4
Throw: Boomerang         |       |       |     2 ||     2
 Cast: Spider Form       |       |     4 |     5 ||     9
       Beastly Appendage |       |     1 |     2 ||     3
       Ice Form          |       |       |     1 ||     1
  Use: Scroll            |       |       |     6 ||     6
 Stab: Sleeping          |     2 |       |     1 ||     3
  Eat: Chunk             |     1 |     4 |     3 ||     8
Armor: Robe              |    42 |    15 |    17 ||    74
       Skin              |       |     7 |     8 ||    15
Dodge: Dodged            |    98 |    76 |   133 ||   307
